 Dungeon Crawl Stone Soup version 0.30.0-29-ga12c61a403 (webtiles) character file.

Game seed: 6054205700760731098

4002 Graphine the Fighter (level 10, 0/91 HPs)
             Began as a Minotaur Berserker on June 18, 2023.
             Was an Elder of Trog.
             Slain by a hornet zombie (8 damage)
             ... on level 8 of the Dungeon.
             The game lasted 00:13:25 (5099 turns).

Graphine the Fighter (Minotaur Berserker)           Turns: 5099, Time: 00:13:26

Health: 0/91       AC:  8    Str: 32    XL:     10   Next: 3%
Magic:  9/9        EV: 14    Int:  4    God:    Trog [****..]
Gold:   497        SH:  0    Dex: 10    Spells: 9/9 levels left

rFire   + + +        l - +8 war axe "Belu" {freeze, *Rage rF+ SInv}
rCold   . . .        (no shield)
rNeg    . . .        x - +0 leather armour
rPois   .            (helmet restricted)
rElec   .            (no cloak)
rCorr   .            c - +1 pair of gloves
SInv    +            b - +0 pair of boots
Will    ++...        (no amulet)
Stlth   +            a - ring of Luceg {rF++ Str+6}
HPRegen 1.35/turn    t - +4 ring of slaying
MPRegen 0.11/turn

%: random rage (20%)
@: strong-willed, on berserk cooldown, regenerating
A: horns 2, retaliatory headbutt, inability to drink after injury 1
a: Renounce Religion, Berserk, Trog's Hand, Brothers in Arms


You were on level 8 of the Dungeon.
You worshipped Trog.
Trog was greatly pleased with you.
You visited 1 branch of the dungeon, and saw 8 of its levels.

You collected 497 gold pieces.

Inventory:

Hand Weapons
 e - a +0 long sword of freezing
 k - a +2 flail
 l - the +8 war axe "Belu" (weapon) {freeze, *Rage rF+ SInv}
   (You found it on level 7 of the Dungeon)

   rF:        It protects you from fire.
   SInv:      It lets you see invisible.
   *Rage:     It berserks you when you make melee attacks (+20% chance).
 o - a +1 vampiric whip
Missiles
 y - 6 boomerangs (quivered)
Armour
 b - a +0 pair of boots (worn)
 c - a +1 pair of gloves (worn)
 x - a +0 leather armour (worn)
Jewellery
 a - the ring of Luceg (left hand) {rF++ Str+6}
   (You found it on level 2 of the Dungeon)

   [ring of strength]

   Str:       It affects your strength (+6).
   rF:        It greatly protects you from fire.
 s - a ring of magical power
 t - a +4 ring of slaying (right hand)
Wands
 m - a wand of mindburst (13)
 w - a wand of charming (2)
 z - a wand of iceblast (6)
 A - a wand of digging (7)
Scrolls
 d - 3 scrolls of blinking
 f - 2 scrolls of noise
 i - 2 scrolls of enchant armour
 r - 2 scrolls of fear
 u - 3 scrolls of teleportation
 B - a scroll of poison
 C - 2 scrolls of fog {unknown}
Potions
 g - 3 potions of magic
 h - 4 potions of curing
 j - 2 potions of flight
 n - a potion of degeneration
 p - 2 potions of lignification {unknown}
 q - a potion of might {unknown}
 v - 4 potions of heal wounds {unknown}


   Skills:
 + Level 9.4 Fighting
 + Level 6.4(7.8) Axes
 - Level 6.7(7.9) Maces & Flails
 + Level 9.0 Armour
 + Level 8.3 Dodging


You had 9 spell levels left.
You didn't know any spells.
Your spell library was empty.

Dungeon Overview and Level Annotations

Branches:
Dungeon (8/15)             Temple (0/1) D:4
   Lair: D:8-11

Altars:
Ashenzari
Kikubaaqudgha
Ru
Trog
Vehumet
Yredelemnul

Shops:
D:6 (*

Annotations:
D:1 2 transporters
D:5 2 transporters


Innate Abilities, Weirdness & Mutations

You have a pair of horns on your head.
You reflexively headbutt those who attack you in melee.
You occasionally lose the ability to drink potions when taking damage.


Message History

You feel better.
You feel yourself speed up. The unseen horror zombie misses you.
The unseen horror zombie barely misses you.
You furiously retaliate!
You headbutt the unseen horror zombie!!
The killer bee zombie hits you but does no damage.
The unseen horror zombie hits you.
* * * LOW HITPOINT WARNING * * *
The hornet zombie hits you.
* * * LOW HITPOINT WARNING * * *
The killer bee zombie hits you but does no damage.
The unseen horror zombie hits you but does no damage.
The hornet zombie hits you.
* * * LOW HITPOINT WARNING * * *
The howler monkey zombie misses you. You furiously retaliate!
You headbutt the howler monkey zombie!
The killer bee zombie barely misses you.
Cleave: l) +8 war axe "Belu" {freeze, *Rage rF+ SInv}
Press: ? - help, Dir - move target, f/p - hornet zombie
Aim: a hornet zombie (severely damaged, about 25% to evade the +8 war axe "Belu")
You closely miss the hornet zombie. You headbutt the hornet zombie!
The hornet zombie is almost destroyed.
You slice the howler monkey zombie!! You freeze the howler monkey zombie.
You destroy the howler monkey zombie!
Trog accepts your kill.
You closely miss the killer bee zombie. You hit the sky beast.
You freeze the sky beast. You hit the unseen horror zombie.
The unseen horror zombie hits you.
* * * LOW HITPOINT WARNING * * *
The unseen horror zombie barely misses you.
The killer bee zombie hits you.
* * * LOW HITPOINT WARNING * * *
The hornet zombie hits you.
* * * LOW HITPOINT WARNING * * *
The unseen horror zombie closely misses you.
The sky beast flickers out of sight for a moment.
The sky beast completely misses you.
The killer bee zombie hits you but does no damage.
The hornet zombie hits you!
You die...

.... .... #..# #..#
#..# ##?.#######
#.†YZ...... #..@#
#####.ZZ# .#
...!....########.#
####.#...§P§§§§#.##
#.#...~§§§P....###
# #.#≈~~~~§.......
.....#.~~~......#
.....#.~.~~.##.##
#...#....P.P.....#


You could see a sky beast (invisible), a killer bee zombie, a hornet zombie and
an unseen horror zombie.

Vanquished Creatures
  2 unseen horror zombies (D:8)
  4 yaks (D:8)
  2 steam dragons
  3 water moccasins
  An orc warrior (D:7)
  An ice beast (D:7)
  An ogre (D:4)
  2 kobold brigands
  A phantom (D:6)
  3 bullfrogs
  3 wyvern zombies (D:8)
  A gnoll sergeant (D:8)
  2 scorpions
  9 wights
  A howler monkey (D:8)
  A centaur zombie (D:8)
  4 hounds
  2 bullfrog zombies (D:6)
  A gnoll bouda (D:7)
  A jelly (D:7)
  3 orc priests
  2 sleepcaps (D:5)
  A killer bee zombie (D:8)
  2 howler monkey zombies (D:8)
  15 gnolls
  9 adders
  2 white imps
  3 ufetubi
  A worm (D:3)
  4 dart slugs
  14 orcs
  7 bats
  8 endoplasms
  6 giant cockroaches
  3 goblins
  5 hobgoblins
  6 jackals
  18 kobolds
  3 quokkas
  7 ball pythons
  7 frilled lizards
  6 rats
177 creatures vanquished.

Notes
Turn   | Place    | Note
-------+----------+-------------------------------------------
     0 | D:1      | Graphine the Minotaur Berserker began the quest for the
                  | Orb.
     0 | D:1      | Reached XP level 1. HP: 19/19 MP: 0/0
   132 | D:1      | Reached XP level 2. HP: 24/27 MP: 1/1
   477 | D:1      | Reached XP level 3. HP: 33/33 MP: 2/2
   600 | D:1      | Reached ** piety under Trog
   981 | D:2      | Reached XP level 4. HP: 34/40 MP: 3/3
  1426 | D:2      | Identified the ring of Luceg {rF++ Str+6}
  1570 | D:3      | Noticed a water moccasin
  1597 | D:3      | Killed a water moccasin
  1598 | D:3      | Reached skill level 5 in Fighting
  1598 | D:3      | Reached skill level 5 in Maces & Flails
  1598 | D:3      | Reached XP level 5. HP: 23/48 MP: 4/4
  1695 | D:3      | Reached XP level 6. HP: 37/56 MP: 5/5
  2073 | D:3      | Reached *** piety under Trog
  2195 | D:3      | Found an ancient bone altar of Kikubaaqudgha.
  2608 | D:4      | Found a staircase to the Ecumenical Temple.
  2904 | D:5      | Entered Level 5 of the Dungeon
  2915 | D:5      | Found a bloodstained altar of Trog.
  2974 | D:5      | Found a radiant altar of Vehumet.
  3049 | D:5      | Reached skill level 5 in Armour
  3049 | D:5      | Reached XP level 7. HP: 58/62 MP: 6/6
  3065 | D:5      | Found a transporter.
  3372 | D:5      | Found a transporter.
  3374 | D:5      | Noticed a fire bat
  3376 | D:5      | Noticed a fire bat
  3394 | D:5      | Identified the +6 sling of Ziha {flame, rC+ rCorr}
  3682 | D:6      | Reached skill level 5 in Dodging
  3769 | D:6      | Found Tihucs's Elemental Accessories.
  3883 | D:6      | Found Hemud's Weapon Shoppe.
  3990 | D:6      | Gained mutation: You occasionally lose the ability to drink
                  | potions when taking damage. [potion of mutation]
  4029 | D:6      | Found a broken altar of Ashenzari.
  4266 | D:6      | Reached XP level 8. HP: 58/71 MP: 7/7
  4352 | D:6      | Found a basalt altar of Yredelemnul.
  4405 | D:7      | Identified the +8 war axe "Belu" {freeze, *Rage rF+ SInv}
  4421 | D:7      | Reached skill level 1 in Axes
  4428 | D:7      | Reached **** piety under Trog
  4615 | D:7      | Reached XP level 9. HP: 79/81 MP: 8/8
  4788 | D:8      | Found a sacrificial altar of Ru.
  4972 | D:8      | Reached skill level 5 in Axes
  5094 | D:8      | Reached XP level 10. HP: 35/91 MP: 9/9
  5099 | D:8      | Slain by a hornet zombie

Illustrated notes

Levels and vault maps discovered:
D:1:      spicycebolla_arrival_transporter_tutorial, layout_loops_ring
D:2:      layout_basic
D:3:      layout_basic, mainiacjoe_overflow_chevrons, gup_sewer_entry_bowl,
          minmay_distorted
D:4:      layout_basic, minmay_temple_entry_junction_2
D:5:      gammafunk_cloud_chamber, layout_rooms,
          mainiacjoe_overflow_catwalk_spiral
D:6:      layout_rooms, nicolae_ashenzari_skybound,
          lemuel_zombie_altar_yredelemnul, serial_shops, shop,
          nicolae_elemental_shop
D:7:      layout_rooms
D:8:      layout_loops_ring, amcnicky_altar_gilded, serial_undead,
          serial_undead_c, serial_undead_e, serial_undead_f, serial_undead_e,
          serial_undead_d, serial_undead_b, serial_undead_f,
          kennysheep_generic_room_14

Skill      XL: |  1  2  3  4  5  6  7  8  9 |
---------------+----------------------------+-----
Fighting       | 4 5 6 7 9 |  9.4
Maces & Flails | 4 5 6 |  6.7
Armour         | 3 4 5 6 7 9 |  9.0
Dodging        | 3 4 5 6 8 |  8.3
Axes           | 4 6 |  6.4

Action                     |  1- 3 |  4- 6 |  7- 9 | 10-12 || total
---------------------------+-------+-------+-------+-------++-------
  Melee: Mace              |    65 |     7 |       |       ||    72
         Headbutt          |     7 |     9 |    27 |     1 ||    44
         Flail             |       |    64 |    62 |       ||   126
         Punch             |       |     2 |       |       ||     2
         War axe           |       |       |    79 |     5 ||    84
  Throw: Boomerang         |    25 |    63 |       |       ||    88
 Invoke: Berserk           |       |     2 |       |       ||     2
         Trog's Hand       |       |       |     3 |       ||     3
    Use: Scroll            |     2 |     9 |     6 |       ||    17
         Potion            |       |       |     1 |     1 ||     2
   Stab: Sleeping          |     1 |       |       |       ||     1
 Armour: Animal skin       |    17 |    17 |       |       ||    34
         Leather armour    |       |     1 |    40 |     9 ||    50
  Dodge: Dodged            |    41 |    61 |   115 |    17 ||   234
